[Event "Titled Tuesday Blitz August 15 Early 2023"]
[White "Putnam, Liam"]
[Black "RrainlessBobot"]
[WhiteFideId "30938279"]
[WhiteElo "2807"]
[BlackElo "2501"]
[Result "1/2-1/2"]
[Round "9"]
[TimeControl "180+1"]
[Date "2023.08.15"]
[WhiteClock "0:00:05"]
[BlackClock "0:00:11"]
[Board "39"]

1. e4 Nf6 2. e5 Nd5 3. d4 d6 4. Nf3 dxe5 5. Nxe5 c6 6. Bc4 g6 7. O-O Bg7 8. Qe2 O-O 9. Rd1 Nd7 10. Bb3 Nxe5 11. dxe5 Qc7 12. c4 Nb6 13. Bf4 Be6 14. Nc3 Rfd8 15. h3 Rxd1+ 16. Rxd1 Rd8 17. Rxd8+ Qxd8 18. Ne4 Qd4 19. c5 Nd5 20. Bg3 Nc7 21. Ng5 Bxb3 22. axb3 e6 23. b4 Qxb4 24. Qf3 h6 25. Qxf7+ Kh8 26. Nxe6 Nxe6 27. Qxe6 Qxc5 28. Qxg6 Qc1+ 29. Kh2 Qxb2 30. e6 Qf6 31. Qe8+ Qf8 32. Qd7 Bf6 33. Qxb7 c5 34. Qxa7 c4 35. Qc7 c3 36. Be5 c2 37. Bxf6+ Qxf6 38. Qxc2 Qxe6 39. Qc3+ Kh7 40. Qg3 Qe2 41. h4 Qd1 42. Qf4 Qf1 43. g3 Kg6 44. h5+ Kh7 45. Qf5+ Kh8 46. Qf8+ Kh7 47. Qf7+ Kh8 48. Qf6+ Kh7 49. Qg6+ Kh8 50. Qxh6+ Kg8 51. Qg6+ Kh8 52. Qf6+ Kh7 53. Qf5+ Kh8 54. Qf3 Qc4 55. g4 Qc7+ 56. Kg2 Qc4 57. Qf6+ Kg8 58. Qg6+ Kh8 59. h6 Qf1+ 60. Kg3 Qxf2+ 61. Kxf2 1/2-1/2


[Site "https://www.chess.com"]

[Event "Titled Tuesday Blitz August 15 Early 2023"]
[White "Mekhitarian, Krikor Sevag"]
[Black "Ibadov, Dashgyn"]
[WhiteFideId "2107660"]
[BlackFideId "24107514"]
[WhiteElo "2792"]
[BlackElo "2609"]
[Result "1-0"]
[Round "9"]
[TimeControl "180+1"]
[Date "2023.08.15"]
[WhiteClock "0:00:08"]
[BlackClock "0:00:00"]
[Board "40"]

1. Nf3 d5 2. c4 d4 3. b4 Bg4 4. g3 Bxf3 5. exf3 e5 6. Bg2 Bxb4 7. f4 Nc6 8. O-O exf4 9. Re1+ Nge7 10. Qg4 fxg3 11. Qxg7 gxf2+ 12. Kxf2 Rf8 13. Na3 Qd7 14. Qxh7 O-O-O 15. Nc2 Rh8 16. Qe4 Bc5 17. d3 Rxh2 18. Bf4 Rh4 19. Qf3 Rg8 20. Bg3 Rhg4 21. Bh3 f5 22. Bxg4 fxg4 23. Qe4 Rf8+ 24. Kg2 Nf5 25. Rf1 Nce7 26. Rab1 Qc6 27. Qxc6 Nxc6 28. Rbe1 a5 29. Re4 Nce7 30. Rxg4 1-0


[Site "https://www.chess.com"]

[Event "Titled Tuesday Blitz August 15 Early 2023"]
[White "Hambleton, Aman"]
[Black "Papayan, Oleg"]
[WhiteFideId "2606577"]
[BlackFideId "4193911"]
[WhiteElo "2751"]
[BlackElo "2613"]
[Result "1-0"]
[Round "9"]
[TimeControl "180+1"]
[Date "2023.08.15"]
[WhiteClock "0:00:04"]
[BlackClock "0:00:04"]
[Board "41"]

1. d4 Nf6 2. c4 e6 3. Nc3 Bb4 4. Qc2 O-O 5. Nf3 d5 6. cxd5 exd5 7. Bg5 h6 8. Bh4 c5 9. e3 Nc6 10. Rd1 g5 11. Bg3 Ne4 12. Bd3 cxd4 13. Bxe4 dxc3 14. bxc3 Ba5 15. Bxd5 Qf6 16. O-O Bf5 17. Qb3 Bb6 18. Nd4 Bg4 19. f3 Bh5 20. Bf2 Rfd8 21. e4 g4 22. fxg4 Bxg4 23. Rde1 Qg7 24. Qb2 Ne5 25. Bh4 Nd3 26. Qb3 Nxe1 27. Rxf7 Bxd4+ 28. Kh1 Qe5 29. Rf5+ Rxd5 30. Rxe5 Bxe5 31. Qxd5+ Kf8 32. Qxe5 Bd7 33. Qe7+ Kg8 34. Bf6 Rf8 35. Qg7# 1-0


[Site "https://www.chess.com"]

[Event "Titled Tuesday Blitz August 15 Early 2023"]
[White "Shcherbin, Matvei"]
[Black "Golubev, Mikhail"]
[WhiteFideId "24125164"]
[BlackFideId "14100983"]
[WhiteElo "2742"]
[BlackElo "2609"]
[Result "1-0"]
[Round "9"]
[TimeControl "180+1"]
[Date "2023.08.15"]
[WhiteClock "0:01:51"]
[BlackClock "0:00:00"]
[Board "42"]

1. e4 c5 2. c3 Nf6 3. e5 Nd5 4. d4 cxd4 5. Nf3 Nc6 6. cxd4 d6 7. Bc4 Nb6 8. Bb5 dxe5 9. Nxe5 Bd7 10. Nc3 Nxe5 11. dxe5 Bxb5 12. Nxb5 Qxd1+ 13. Kxd1 Nd5 14. Ke2 a6 15. Rd1 O-O-O 16. Na3 e6 17. Nc4 Be7 18. Be3 Kb8 19. Nb6 Nxe3 20. fxe3 Kc7 21. Na4 Rxd1 22. Rxd1 b5 23. Rc1+ Kb7 24. Nc3 f5 25. exf6 Bxf6 26. Ne4 Bxb2 27. Rf1 Rd8 28. Nc5+ Kb6 29. Nxe6 Rd6 30. Ng5 Rg6 31. h4 h6 32. Ne4 Rxg2+ 33. Kd3 Rh2 34. Rf4 Ka5 35. Nc5 1-0


[Site "https://www.chess.com"]

[Event "Titled Tuesday Blitz August 15 Early 2023"]
[White "Sadykov, Ramil"]
[Black "Stribuk, Artiom"]
[WhiteFideId "24113590"]
[BlackFideId "13515659"]
[WhiteElo "2598"]
[BlackElo "2740"]
[Result "0-1"]
[Round "9"]
[TimeControl "180+1"]
[Date "2023.08.15"]
[WhiteClock "0:00:00"]
[BlackClock "0:00:15"]
[Board "43"]

1. d4 Nf6 2. Nc3 d5 3. Bf4 Bf5 4. e3 e6 5. Nf3 Bb4 6. Bd3 Bxc3+ 7. bxc3 Nbd7 8. c4 c6 9. O-O O-O 10. Rb1 b6 11. cxd5 Nxd5 12. Bg3 Nc3 13. Qe1 Nxb1 14. e4 Bg4 15. Qxb1 Bxf3 16. gxf3 c5 17. c3 cxd4 18. cxd4 Rc8 19. Qb3 Qg5 20. Qa4 Rc3 21. Rd1 Rc1 22. Rxc1 Qxc1+ 23. Kg2 Qc3 24. Bb5 Nf6 25. Be5 a5 26. Bf1 h6 27. Qb5 Qb4 28. a4 Qxb5 29. Bxb5 Rc8 30. Kf1 Ne8 31. d5 exd5 32. exd5 Nc7 33. Bd7 Rd8 34. Bxc7 Rxd7 35. d6 f5 36. Bxb6 Rxd6 37. Bxa5 Ra6 38. Bc3 Rxa4 39. Kg2 Kf7 40. Be5 Rc4 41. Bb2 g6 42. Be5 Rc5 43. Bd4 Rd5 44. Be3 Rd3 45. Bxh6 Kf6 46. h4 Ke5 47. Bg5 Rb3 48. Kg3 Ra3 49. Bf4+ Kd5 50. Bg5 Ra4 51. Kg2 Kd4 52. Kg3 Kd3 53. Be3 Ke2 54. Kg2 Rxh4 55. Kg3 Ra4 56. Kg2 Ra3 57. Bc5 Rxf3 58. Bd4 g5 59. Bc5 g4 60. Bd4 Rh3 61. Bc5 f4 62. Bd6 f3+ 63. Kg1 g3 64. Bc5 g2 0-1


[Site "https://www.chess.com"]

[Event "Titled Tuesday Blitz August 15 Early 2023"]
[White "Wong, Yinn Long"]
[Black "Przybylski, Wojciech"]
[WhiteFideId "5707684"]
[BlackFideId "1117599"]
[WhiteElo "2728"]
[BlackElo "2579"]
[Result "1-0"]
[Round "9"]
[TimeControl "180+1"]
[Date "2023.08.15"]
[WhiteClock "0:00:19"]
[BlackClock "0:00:02"]
[Board "44"]

1. Nf3 Nf6 2. g3 d5 3. Bg2 c6 4. O-O Bg4 5. d3 e6 6. Qe1 Nbd7 7. b3 Bc5 8. Bb2 O-O 9. Nbd2 a5 10. a3 b5 11. h3 Bxf3 12. exf3 Re8 13. f4 Qb6 14. Nf3 Qa7 15. Kh2 Bd6 16. Ne5 Qc7 17. Qe2 a4 18. d4 c5 19. dxc5 Nxc5 20. Qe3 Ncd7 21. Qe2 Rab8 22. Rad1 Rec8 23. Rd2 b4 24. Nxd7 Nxd7 25. Qg4 Bf8 26. axb4 Rxb4 27. Ba3 Nf6 28. Qd1 Rbb8 29. Bxf8 Rxf8 30. bxa4 Rb4 31. Rd4 Qa5 32. Qd2 Rfb8 33. Rb1 Ne4 34. Bxe4 Rxb1 35. Qxa5 dxe4 36. Rd8+ 1-0


[Site "https://www.chess.com"]

[Event "Titled Tuesday Blitz August 15 Early 2023"]
[White "Onufrienko, Vladislav"]
[Black "GaiozNigalidze"]
[WhiteFideId "13804332"]
[WhiteElo "2579"]
[BlackElo "2720"]
[Result "0-1"]
[Round "9"]
[TimeControl "180+1"]
[Date "2023.08.15"]
[WhiteClock "0:00:01"]
[BlackClock "0:00:27"]
[Board "45"]

1. e4 c5 2. Nc3 Nc6 3. Nf3 Nf6 4. d4 cxd4 5. Nxd4 e5 6. Ndb5 d6 7. Bg5 a6 8. Na3 b5 9. Bxf6 gxf6 10. Nd5 Bg7 11. c3 f5 12. Bd3 Be6 13. O-O f4 14. c4 b4 15. Qa4 Bd7 16. Nc2 a5 17. Ne1 Nd4 18. Qd1 h5 19. Nc2 Ne6 20. b3 Qg5 21. f3 h4 22. h3 O-O 23. Qe1 Nc5 24. Rd1 Kh8 25. Kf2 Ra6 26. Rg1 Rg8 27. Ke2 Bf6 28. Qf2 Bd8 29. Rb1 Be6 30. Kd2 Ra7 31. Ne1 a4 32. Bc2 axb3 33. axb3 Bxd5 34. exd5 Bb6 35. Qf1 Ra2 36. Kc1 e4 37. fxe4 f3+ 38. Kd1 f2 39. Qxf2 Nxe4 40. Qe2 Nc3# 0-1


[Site "https://www.chess.com"]

[Event "Titled Tuesday Blitz August 15 Early 2023"]
[White "Aggelis, Nikolaos"]
[Black "Alex_Sahakyan2006"]
[WhiteFideId "4213220"]
[WhiteElo "2577"]
[BlackElo "2719"]
[Result "1/2-1/2"]
[Round "9"]
[TimeControl "180+1"]
[Date "2023.08.15"]
[WhiteClock "0:00:18"]
[BlackClock "0:00:11"]
[Board "46"]

1. c4 c5 2. Nc3 g6 3. Nf3 Bg7 4. d4 cxd4 5. Nxd4 Nc6 6. Nxc6 dxc6 7. Qxd8+ Kxd8 8. Bd2 Be6 9. O-O-O Ke8 10. e4 Rd8 11. Be2 Bd4 12. f3 Nf6 13. Bh6 Rd7 14. Kc2 Kd8 15. Rd2 Kc8 16. Rhd1 Rhd8 17. b3 Be5 18. Rxd7 Rxd7 19. Rxd7 Nxd7 20. g3 a5 21. Be3 Kc7 22. f4 Bd6 23. e5 Bc5 24. Bxc5 Nxc5 25. Bd3 h5 26. Kd2 Kb6 27. Bc2 Kc7 28. Ke3 Na6 29. Ne4 Bf5 30. Bd1 Bxe4 31. Kxe4 Nc5+ 32. Kd4 Ne6+ 33. Ke4 Nc5+ 34. Kd4 Kb6 35. a3 Ne6+ 36. Ke4 Kc5 37. Kd3 b5 38. cxb5 cxb5 39. Kc3 b4+ 40. axb4+ axb4+ 41. Kd3 Nd4 42. Ke3 Nb5 43. Kd3 Nc7 44. Bf3 Ne6 45. Ke4 Nd4 46. Bd1 Nf5 47. Kd3 h4 48. g4 Nd4 49. Ke4 g5 50. f5 f6 51. exf6 exf6 52. h3 Nb5 53. Be2 Nd6+ 54. Ke3 Kd5 55. Bf3+ Ke5 56. Be2 Nb7 57. Bc4 Nc5 58. Bf7 Ne4 59. Bc4 Nc3 60. Bf7 Nd1+ 61. Ke2 Nc3+ 62. Ke3 Ne4 63. Bc4 Ng3 64. Bg8 Ne4 65. Bc4 1/2-1/2


[Site "https://www.chess.com"]

[Event "Titled Tuesday Blitz August 15 Early 2023"]
[White "Bryakin, Mikhail"]
[Black "Sreyas Payyappat"]
[WhiteFideId "4165314"]
[BlackFideId "46674969"]
[WhiteElo "2714"]
[BlackElo "2575"]
[Result "1-0"]
[Round "9"]
[TimeControl "180+1"]
[Date "2023.08.15"]
[WhiteClock "0:00:14"]
[BlackClock "0:00:17"]
[Board "47"]

1. b3 e5 2. Bb2 Nc6 3. e3 d5 4. Bb5 Bd6 5. Nf3 Bg4 6. h3 Bxf3 7. Qxf3 Nf6 8. Nc3 e4 9. Qe2 O-O 10. g4 Ne5 11. Qf1 d4 12. exd4 Nf3+ 13. Kd1 Bf4 14. d3 c6 15. Bc4 b5 16. dxe4 bxc4 17. Qxc4 Nxd4 18. Qd3 Nf3 19. Ke2 Qxd3+ 20. cxd3 Nd4+ 21. Kf1 Rfd8 22. Rd1 Be5 23. Ne2 Rd7 24. Bc1 Rad8 25. f4 Nxe2 26. Kxe2 Bc3 27. Be3 a5 28. Bb6 Re8 29. Rc1 Nd5 30. Rhf1 Nxb6 31. Rxc3 Rd6 32. Kf3 f6 33. Rfc1 c5 34. a4 Nd7 35. h4 Rb8 36. g5 Rd4 37. Ke3 Rdb4 38. Rb1 Rxa4 39. gxf6 gxf6 40. Rg1+ Kf7 41. bxa4 Rb4 42. Rc4 Rb3 43. h5 h6 44. Rg6 Nf8 45. Rxh6 Kg7 46. Rg6+ Nxg6 47. hxg6 1-0


[Site "https://www.chess.com"]

[Event "Titled Tuesday Blitz August 15 Early 2023"]
[White "Akhmetov, Ayan"]
[Black "Gubajdullin, Alexei"]
[WhiteFideId "13703706"]
[BlackFideId "4141202"]
[WhiteElo "2566"]
[BlackElo "2707"]
[Result "1-0"]
[Round "9"]
[TimeControl "180+1"]
[Date "2023.08.15"]
[WhiteClock "0:02:00"]
[BlackClock "0:01:53"]
[Board "48"]

1. Nf3 Nf6 2. c4 g6 3. Nc3 Bg7 4. g3 O-O 5. Bg2 d6 6. O-O Nc6 7. d3 Nh5 8. e4 Bg4 9. h3 Bxf3 10. Bxf3 Nf6 11. Bg2 Nd4 12. Be3 Nd7 13. Ne2 Nxe2+ 14. Qxe2 c5 15. Rab1 Ne5 16. b4 cxb4 17. Rxb4 b6 1-0


[Site "https://www.chess.com"]

[Event "Titled Tuesday Blitz August 15 Early 2023"]
[White "Eynullayev, Altay"]
[Black "Kushko, Dmitriy"]
[WhiteFideId "13413562"]
[BlackFideId "14162261"]
[WhiteElo "2562"]
[BlackElo "2693"]
[Result "0-1"]
[Round "9"]
[TimeControl "180+1"]
[Date "2023.08.15"]
[WhiteClock "0:00:00"]
[BlackClock "0:00:05"]
[Board "49"]

1. e4 g6 2. d4 Bg7 3. Nc3 d6 4. Bg5 a6 5. Nf3 b5 6. Bd3 Nd7 7. O-O c5 8. dxc5 Nxc5 9. Re1 Bb7 10. a3 Nf6 11. Qd2 O-O 12. Bh6 Rc8 13. Rad1 e5 14. Bg5 Qb6 15. Bxf6 Bxf6 16. Bf1 Rfd8 17. Nd5 Bxd5 18. Qxd5 Ne6 19. c3 Rc5 20. Qb3 Rc7 21. g3 Qc6 22. h4 Nc5 23. Qd5 Qxd5 24. Rxd5 Na4 25. Rd2 Kf8 26. Red1 Ke7 27. Be2 h5 28. Kg2 Bg7 29. Rb1 Bh6 30. Rdd1 Nc5 31. Bd3 d5 32. Nxe5 Bg7 33. f4 Bxe5 34. fxe5 dxe4 35. Bc2 Rcd7 36. Rxd7+ Rxd7 37. Rf1 Rd5 38. b4 Nd3 39. Bb3 Rxe5 40. Rxf7+ Ke8 41. Rf6 e3 0-1


[Site "https://www.chess.com"]

[Event "Titled Tuesday Blitz August 15 Early 2023"]
[White "Yelisieiev, Yevhenii"]
[Black "Prohaszka, Peter"]
[WhiteFideId "14139642"]
[BlackFideId "726265"]
[WhiteElo "2561"]
[BlackElo "2686"]
[Result "0-1"]
[Round "9"]
[TimeControl "180+1"]
[Date "2023.08.15"]
[WhiteClock "0:00:00"]
[BlackClock "0:00:07"]
[Board "50"]

1. d4 Nf6 2. Nf3 g6 3. g3 Bg7 4. Bg2 O-O 5. O-O Nc6 6. d5 Nb8 7. c4 d6 8. Nc3 c6 9. e4 a5 10. Re1 e5 11. dxe6 Bxe6 12. Qe2 Nfd7 13. Ng5 Na6 14. Bf4 Be5 15. Bxe5 Nxe5 16. Nxe6 fxe6 17. f4 Nd7 18. Rad1 Nb6 19. e5 d5 20. cxd5 cxd5 21. Ne4 Kg7 22. Bh3 Qe7 23. Ng5 Nc5 24. Qg4 Rae8 25. Kh1 h6 26. Nf3 Ne4 27. Rxe4 dxe4 28. Nd4 Rf5 29. Bg2 h5 30. Qe2 Rff8 31. Bxe4 Rd8 32. Bc2 Rg8 33. Qe4 Kh8 34. Bb3 Nd5 35. Nxe6 Qxe6 36. Rxd5 Qc6 37. Qd4 Rxd5 38. Bxd5 Qc1+ 39. Kg2 Rd8 40. e6+ Kh7 41. e7 Re8 42. Qe5 Qc2+ 43. Kh3 Qf5+ 44. Qxf5 gxf5 45. Be6 Kg6 46. Bd5 Rxe7 47. b3 b6 48. a4 Re2 49. Bc4 Rb2 50. Bd5 Rd2 51. Bc4 Kf6 52. Bg8 Rb2 53. Bc4 Rc2 54. Bg8 h4 55. gxh4 Rc3+ 56. Kg2 Kg6 57. Bd5 Kh5 58. Be6 Kg4 59. h5 Rc2+ 60. Kf1 Rxh2 61. h6 Rxh6 62. Bc4 Kxf4 63. Ke2 Rh2+ 64. Kd3 Ke5 65. Ke3 Rh3+ 0-1


[Site "https://www.chess.com"]

[Event "Titled Tuesday Blitz August 15 Early 2023"]
[White "Degenbaev, Aziz"]
[Black "Kleiman, Jake"]
[WhiteFideId "13802640"]
[BlackFideId "2020041"]
[WhiteElo "2554"]
[BlackElo "2668"]
[Result "0-1"]
[Round "9"]
[TimeControl "180+1"]
[Date "2023.08.15"]
[WhiteClock "0:00:00"]
[BlackClock "0:00:45"]
[Board "51"]

1. e4 e5 2. Nf3 Nc6 3. Bc4 Bc5 4. b4 Bxb4 5. c3 Ba5 6. d4 exd4 7. O-O Nge7 8. Ng5 Ne5 9. Nxf7 Nxf7 10. Bxf7+ Kxf7 11. Qh5+ g6 12. Qxa5 d5 13. cxd4 dxe4 14. Nc3 Bf5 15. Re1 Nc6 16. Qa3 Re8 17. Qb3+ Kg7 18. Qxb7 Nxd4 19. Be3 Kg8 20. Rad1 c5 21. Bxd4 cxd4 22. Nxe4 Rb8 23. Qxb8 Qxb8 24. Nf6+ Kf7 25. Nxe8 d3 26. Re3 Be6 0-1


[Site "https://www.chess.com"]

[Event "Titled Tuesday Blitz August 15 Early 2023"]
[White "Hoang, Thi Bao Tram"]
[Black "Mammadzada, Gunay"]
[WhiteFideId "12401102"]
[BlackFideId "13403729"]
[WhiteElo "2667"]
[BlackElo "2548"]
[Result "1-0"]
[Round "9"]
[TimeControl "180+1"]
[Date "2023.08.15"]
[WhiteClock "0:00:05"]
[BlackClock "0:00:00"]
[Board "52"]

1. d4 d5 2. Nf3 Nf6 3. g3 c6 4. Bg2 g6 5. O-O Bg7 6. c4 dxc4 7. Na3 b5 8. Ne5 Nd5 9. Nc2 O-O 10. a4 Bb7 11. e4 Nb6 12. a5 N6d7 13. Nf3 a6 14. Bg5 c5 15. Qd2 Bxe4 16. Rae1 h6 17. Bxh6 Bxc2 18. Bxg7 Kxg7 19. Qxc2 Nc6 20. Qe4 Rc8 21. dxc5 Nxc5 22. Qg4 Nd3 23. Re2 Qd6 24. h4 f5 25. Qg5 Qf6 26. Qe3 e5 27. Ng5 Nd4 28. Rd2 f4 29. Qe4 f3 30. Bh3 Rce8 31. Re1 Rh8 32. Re3 Re7 33. b3 Nxb3 34. Rdxd3 cxd3 35. Rxf3 Nd2 36. Rxf6 Nxe4 37. Nxe4 d2 38. Rd6 b4 39. Rxd2 Rb8 40. Nc5 Rb5 41. Nxa6 Ra7 42. Bf1 Rxa5 43. Nxb4 Ra1 44. Kg2 Rb7 45. Nc6 e4 46. Bc4 Rc7 47. Bd5 1-0


[Site "https://www.chess.com"]

[Event "Titled Tuesday Blitz August 15 Early 2023"]
[White "Vaishali, Rameshbabu"]
[Black "Ansh M Shah"]
[WhiteFideId "5091756"]
[BlackFideId "25033379"]
[WhiteElo "2656"]
[BlackElo "2538"]
[Result "1/2-1/2"]
[Round "9"]
[TimeControl "180+1"]
[Date "2023.08.15"]
[WhiteClock "0:00:08"]
[BlackClock "0:00:07"]
[Board "53"]

1. Nf3 Nf6 2. g3 g6 3. Bg2 Bg7 4. O-O O-O 5. d4 d5 6. c4 c6 7. a4 a5 8. cxd5 cxd5 9. Nc3 Nc6 10. Qb3 Nb4 11. Na2 Nxa2 12. Rxa2 Ne4 13. Bf4 Ra6 14. Rc1 Rb6 15. Qd1 Rc6 16. Ne5 Rxc1 17. Qxc1 Qb6 18. Be3 Qb4 19. Nd3 Qb6 20. Nc5 Bf5 21. Nxe4 Bxe4 22. Bxe4 dxe4 23. Qc4 Rd8 24. d5 Qd6 25. Qxe4 Qxd5 26. Qxd5 Rxd5 27. Ra3 Bxb2 28. Rb3 Bd4 29. Rxb7 Bxe3 30. fxe3 e6 31. Rb5 Rd2 32. Kf2 Ra2 33. Rxa5 Kg7 34. Ra6 h5 35. Kf3 Ra3 36. h3 Ra2 37. g4 hxg4+ 38. hxg4 Ra3 39. Ra7 Ra2 40. g5 Ra3 41. a5 Ra2 42. Ra8 Ra4 43. e4 Ra3+ 44. e3 Ra4 45. e5 Ra3 46. a6 Ra5 47. Ke4 Ra4+ 48. Kd3 Ra5 49. Kd4 Ra4+ 50. Kc5 Ra5+ 51. Kd6 Ra1 52. a7 Rd1+ 53. Ke7 Ra1 54. Ke8 Ra3 55. e4 Ra4 56. Kd7 Ra1 57. Kc6 Ra2 58. Kb6 Rb2+ 59. Kc5 Ra2 60. Kb5 Rb2+ 61. Ka4 Ra2+ 62. Kb3 Ra1 63. Kc4 Ra2 64. Kb5 Ra1 65. Kc6 Ra2 66. Kd6 Ra1 67. Ke7 Ra2 68. Ke8 Ra1 69. Kd7 Ra2 70. Ke7 Ra1 71. Ke8 Ra2 72. Rd8 Rxa7 73. Rd7 Rxd7 74. Kxd7 Kf8 75. Kd8 Kg8 76. Ke8 Kg7 77. Ke7 Kg8 78. Kf6 Kf8 1/2-1/2


[Site "https://www.chess.com"]

[Event "Titled Tuesday Blitz August 15 Early 2023"]
[White "Lehtosaari, Mauri"]
[Black "Goltsev, Dmitry"]
[WhiteFideId "501999"]
[BlackFideId "24176710"]
[WhiteElo "2526"]
[BlackElo "2654"]
[Result "1-0"]
[Round "9"]
[TimeControl "180+1"]
[Date "2023.08.15"]
[WhiteClock "0:00:12"]
[BlackClock "0:00:16"]
[Board "54"]

1. d4 e6 2. Nf3 d5 3. Bg5 Be7 4. Bxe7 Nxe7 5. e3 c5 6. c3 cxd4 7. exd4 Nbc6 8. Nbd2 Ng6 9. g3 Bd7 10. h4 Nge7 11. Bd3 h6 12. Qe2 Qb6 13. Rb1 a5 14. Ne5 Nxe5 15. Qxe5 f6 16. Qe2 O-O 17. O-O Rae8 18. Rfe1 e5 19. Qe3 e4 20. Bf1 Nf5 21. Qe2 e3 22. Nb3 Qd6 23. Kg2 b6 24. Qf3 a4 25. Na1 exf2 26. Qxf2 h5 27. Rxe8 Rxe8 28. Re1 Rxe1 29. Qxe1 Nh6 30. Be2 Bg4 31. Bxg4 Nxg4 32. Qe8+ Kh7 33. Qxh5+ Nh6 34. Qf3 Qe6 35. Nc2 Nf5 36. a3 g6 37. Kf2 Nh6 38. Ne3 Qh3 39. Qxd5 Qh2+ 40. Qg2 Qxg2+ 41. Kxg2 Nf7 42. Nd5 b5 43. Nxf6+ Kg7 44. Ne4 Nd8 45. Nd6 Nc6 46. Nxb5 Na5 47. d5 Nc4 48. d6 Kf6 49. Kf3 Nxb2 50. g4 Nd3 51. h5 gxh5 52. gxh5 Kg5 53. d7 Ne5+ 54. Ke4 Nxd7 55. Kd5 Kxh5 56. c4 Kg6 57. c5 Kf6 58. c6 Nb6+ 59. Kd6 Nc4+ 60. Kd7 Ne5+ 61. Kc7 Ke6 62. Kb7 Nd3 63. c7 Nc5+ 64. Kc6 Nd3 65. c8=Q+ Ke5 66. Qe8+ Kf4 67. Qd7 Ne5+ 68. Kd6 Nc4+ 69. Kc7 Ne5 70. Qd6 Ke4 71. Qxe5+ Kxe5 72. Kb6 Kd5 73. Ka5 Kc4 74. Kxa4 Kc5 75. Nc3 Kc6 76. Kb4 Kb6 77. a4 Ka6 78. a5 Ka7 79. Kb5 Ka8 80. a6 Kb8 81. Kb6 Ka8 82. Nd5 Kb8 83. a7+ Kc8 84. a8=Q+ Kd7 85. Qc6+ Kd8 86. Qc7+ Ke8 87. Qe7# 1-0


[Site "https://www.chess.com"]

[Event "Titled Tuesday Blitz August 15 Early 2023"]
[White "Arias, Juan Cruz"]
[Black "Kashefi, Amir Hosein"]
[WhiteFideId "118540"]
[BlackFideId "12557935"]
[WhiteElo "2649"]
[BlackElo "2530"]
[Result "1-0"]
[Round "9"]
[TimeControl "180+1"]
[Date "2023.08.15"]
[WhiteClock "0:00:28"]
[BlackClock "0:00:00"]
[Board "55"]

1. d4 d5 2. Nf3 Nf6 3. e3 Bg4 4. h3 Bxf3 5. Qxf3 e6 6. Bd3 Nbd7 7. O-O Bd6 8. c4 c6 9. Nc3 O-O 10. e4 dxc4 11. Bxc4 e5 12. d5 Nb6 13. Bb3 cxd5 14. exd5 h6 15. Rd1 Re8 16. Be3 e4 17. Qe2 a6 18. a4 Nbd7 19. Qd2 Rc8 20. Ne2 Ne5 21. Rac1 Qd7 22. Ng3 Rxc1 23. Rxc1 Nf3+ 24. gxf3 Qxh3 25. Bc4 exf3 26. Bf1 Qh4 27. Qd4 Ng4 28. Qxg7+ Kxg7 29. Nf5+ Kf6 30. Nxh4 Rg8 31. Kh1 Bg3 32. Bd4+ 1-0


[Site "https://www.chess.com"]

[Event "Titled Tuesday Blitz August 15 Early 2023"]
[White "Omorjan, Dejan"]
[Black "Nguyen Hong Nhung"]
[WhiteFideId "955345"]
[BlackFideId "12412201"]
[WhiteElo "2647"]
[BlackElo "2505"]
[Result "1-0"]
[Round "9"]
[TimeControl "180+1"]
[Date "2023.08.15"]
[WhiteClock "0:00:08"]
[BlackClock "0:00:00"]
[Board "56"]

1. d4 f5 2. Bg5 g6 3. Nc3 Bg7 4. h4 h6 5. Bf4 Nf6 6. Be5 d6 7. Bxf6 exf6 8. e3 Nc6 9. Bc4 Ne7 10. Nge2 d5 11. Bd3 Be6 12. Nf4 Bf7 13. Qf3 c6 14. O-O-O Qd7 15. Rdg1 g5 16. Nh5 Bxh5 17. Qxh5+ Kd8 18. Ne2 Kc7 19. Ng3 Raf8 20. Qf3 f4 21. exf4 g4 22. Qe3 h5 23. Re1 Re8 24. Qe6 Qxe6 25. Rxe6 Bh6 26. Rxf6 Ref8 27. Nxh5 Rxf6 28. Nxf6 Bxf4+ 29. Kd1 Bg5 30. Nxg4 Bxh4 31. g3 Bf6 32. Rxh8 Bxh8 33. c3 b5 34. b4 Kb6 35. Ke2 a5 36. a3 axb4 37. axb4 c5 38. bxc5+ Kc6 39. f4 b4 40. cxb4 Bxd4 41. Ne5+ Kc7 42. Kd2 Bxe5 43. fxe5 Nc6 44. b5 Nxe5 45. Be2 Nd7 46. c6 Nf6 47. Ke3 Kb6 48. Kd4 Ne4 49. g4 Ng3 50. Bf3 Nf1 51. g5 Nd2 52. Bxd5 1-0


[Site "https://www.chess.com"]

[Event "Titled Tuesday Blitz August 15 Early 2023"]
[White "Eynullayev, Atilla"]
[Black "Dias, Paulo"]
[WhiteFideId "13413570"]
[BlackFideId "1900803"]
[WhiteElo "2645"]
[BlackElo "2493"]
[Result "0-1"]
[Round "9"]
[TimeControl "180+1"]
[Date "2023.08.15"]
[WhiteClock "0:00:05"]
[BlackClock "0:00:10"]
[Board "57"]

1. d4 Nf6 2. c4 e6 3. Nc3 Bb4 4. e3 O-O 5. Bd3 c5 6. Nf3 d5 7. cxd5 cxd4 8. exd4 exd5 9. O-O Nc6 10. Bg5 Bxc3 11. bxc3 Bg4 12. h3 Bh5 13. Rb1 b6 14. c4 Bxf3 15. Qxf3 Nxd4 16. Qd1 dxc4 17. Bxc4 Rc8 18. Ba6 Rc5 19. Be3 Ra5 20. Bc4 Nc6 21. Qxd8 Rxd8 22. Rfd1 Rxd1+ 23. Rxd1 Kf8 24. Rd6 Ne5 25. Bb3 Ke7 26. Rd1 Ned7 27. Bf4 Ne8 28. Re1+ Kf8 29. Rd1 Ndf6 30. f3 h6 31. Be3 Ke7 32. Kf2 g5 33. Bd2 Re5 34. Bb4+ Rc5 35. Bxc5+ bxc5 36. Ke3 Nd6 37. Kd3 Nh5 38. Re1+ Kd7 39. Kc3 Nf4 40. Re5 Kc6 41. Ba4+ Kb6 42. Re7 Nd5+ 43. Kd3 Nxe7 0-1


[Site "https://www.chess.com"]

[Event "Titled Tuesday Blitz August 15 Early 2023"]
[White "Bazilius, Augustinas"]
[Black "Ovchinnikov, Vsevolod"]
[WhiteFideId "12832251"]
[BlackFideId "24176842"]
[WhiteElo "2472"]
[BlackElo "2642"]
[Result "1/2-1/2"]
[Round "9"]
[TimeControl "180+1"]
[Date "2023.08.15"]
[WhiteClock "0:00:26"]
[BlackClock "0:01:01"]
[Board "58"]

1. d4 Nf6 2. c4 g6 3. Nf3 Bg7 4. g3 d5 5. Bg2 dxc4 6. O-O O-O 7. Na3 Nc6 8. Nxc4 Be6 9. b3 Bd5 10. Bb2 a5 11. Re1 a4 12. Nfe5 Bxg2 13. Kxg2 Nxe5 14. Nxe5 Qd5+ 15. f3 axb3 16. Qxb3 Ra7 17. e4 Qxb3 18. axb3 Rfa8 19. Rxa7 Rxa7 20. Ra1 Rxa1 21. Bxa1 e6 22. Kf2 Kf8 23. Ke3 Ke8 24. Bc3 Bh6+ 25. f4 Bf8 26. h3 Nd7 27. Nxd7 Kxd7 28. Kd3 Kc6 29. Kc4 b5+ 30. Kd3 f5 31. b4 Bd6 32. Bd2 h5 33. h4 Be7 34. e5 Kd5 35. Bc3 Bf8 36. Bd2 Be7 37. Bc3 Bd8 38. Bd2 c6 39. Bc3 Bb6 40. Bb2 Ba7 41. Bc3 Bb6 42. Bb2 Ba7 43. Bc3 Bb6 1/2-1/2


[Site "https://www.chess.com"]

[Event "Titled Tuesday Blitz August 15 Early 2023"]
[White "Shuvalova, Polina"]
[Black "Itkis, Boris"]
[WhiteFideId "24171760"]
[BlackFideId "1209167"]
[WhiteElo "2641"]
[BlackElo "2481"]
[Result "0-1"]
[Round "9"]
[TimeControl "180+1"]
[Date "2023.08.15"]
[WhiteClock "0:00:00"]
[BlackClock "0:00:57"]
[Board "59"]

1. d4 d5 2. h4 Nf6 3. h5 h6 4. e3 Bg4 5. Be2 Bxe2 6. Qxe2 e6 7. g4 c5 8. c3 Nc6 9. Nh3 Qc7 10. Nd2 O-O-O 11. f4 Kb8 12. Nf2 cxd4 13. cxd4 Bb4 14. a3 Bd6 15. Nf3 Ne4 16. Nxe4 dxe4 17. Ne5 Bxe5 18. fxe5 Rxd4 19. exd4 Nxd4 20. Qxe4 Nc2+ 21. Kf2 Nxa1 22. Be3 Nb3 23. Rd1 Nc5 24. Qc4 b6 25. Bxc5 bxc5 26. Rd6 Rd8 27. Qb5+ Ka8 28. Qa6 Rb8 29. Kg3 Rb3+ 30. Kh4 Qe7+ 0-1


[Site "https://www.chess.com"]

[Event "Titled Tuesday Blitz August 15 Early 2023"]
[White "Yeritsyan, Hayk"]
[Black "Sipila, Vilka"]
[WhiteFideId "13307320"]
[BlackFideId "505455"]
[WhiteElo "2454"]
[BlackElo "2636"]
[Result "0-1"]
[Round "9"]
[TimeControl "180+1"]
[Date "2023.08.15"]
[WhiteClock "0:00:08"]
[BlackClock "0:00:36"]
[Board "60"]

1. d4 d5 2. Nf3 Nf6 3. e3 e6 4. Bd3 c5 5. c3 Bd6 6. Nbd2 Qc7 7. Qe2 Nc6 8. O-O O-O 9. Re1 e5 10. dxc5 Bxc5 11. e4 Ng4 12. Rf1 f5 13. exd5 Ne7 14. h3 Nxf2 15. Rxf2 e4 16. Nd4 exd3 17. Qxd3 Nxd5 18. Qc4 Rd8 19. N2b3 Bb6 20. Qxc7 Nxc7 21. Be3 Nd5 22. Bd2 a5 23. a4 Re8 24. Kf1 Nf6 25. Re1 Ne4 26. Rf3 Bd7 27. Kg1 Bxa4 28. Bc1 Bxb3 29. Rxf5 Bxd4+ 30. cxd4 Nd6 31. Rxe8+ Rxe8 32. Rxa5 Re1+ 33. Kf2 Rxc1 34. Rb5 Nxb5 0-1


[Site "https://www.chess.com"]